 Dungeon Crawl Stone Soup version 0.27-a0-998-g4cfe56dd59 (webtiles) character file.

Game seed: 13294301196435354472

10157 vurker the Thaumaturge (level 11, -13/78 (85) HPs)
             Began as a Djinni Fire Elementalist on Apr 16, 2021.
             Killed from afar by Josephine (20 damage)
             ... with a ghostly fireball
             ... on level 11 of the Dungeon.
             The game lasted 00:15:31 (12990 turns).

vurker the Thaumaturge (Djinni Fire Elementalist)  Turns: 12990, Time: 00:15:32

HP:   -13/78 (85)   AC: -1    Str:  7    XL:     11   Next: 57%
Gold: 544           EV: 12    Int: 19    God:
                    SH:  5    Dex: 15

rFire    + + .     SeeInvis .   c - +2 whip (holy)
rCold    . . .     Faith    .   f - +0 buckler
rNeg     . . .     Spirit   .   a - +0 robe
rPois    ∞         Reflect  .   j - +0 helmet
rElec    .         Harm     .   (no cloak)
rCorr    .         Rampage  .   (no gloves)
Will     ++...                  (boots unavailable)
Stlth    ++........             (no amulet)
HPRegen  0.23/turn              u - ring of willpower
MPRegen  0.00/turn              H - ring of protection from cold

@: corroded, flying, studying Long Blades, drained
A: fire resistance 2, cold vulnerability 1, float, innate caster, hp casting,
extra vitality 1
a: no special abilities


You were on level 11 of the Dungeon.
You visited 1 branch of the dungeon, and saw 11 of its levels.

You collected 544 gold pieces.

Inventory:

Hand Weapons
 c - a +2 whip of holy wrath (weapon)
   (You took it off a kobold on level 1 of the Dungeon)
Armour
 a - a +0 robe (worn)
 f - a +0 buckler (worn)
   (You found it on level 1 of the Dungeon)
 j - a +0 helmet (worn)
   (You found it on level 2 of the Dungeon)
 K - a +1 cloak
   (You found it on level 9 of the Dungeon)
Jewellery
 b - a ring of resist corrosion
   (You found it on level 1 of the Dungeon)
 r - a ring of protection from fire
   (You took it off a kobold on level 4 of the Dungeon)
 u - a ring of willpower (left hand)
   (You found it on level 5 of the Dungeon)
 G - a +4 ring of protection
   (You took it off an orc on level 8 of the Dungeon)
 H - a ring of protection from cold (right hand)
   (You found it on level 8 of the Dungeon)
Wands
 d - a wand of iceblast (19)
   (You found it on level 8 of the Dungeon)
 t - a wand of flame (89)
   (You found it on level 2 of the Dungeon)
 x - a wand of acid (22)
   (You found it on level 5 of the Dungeon)
 J - a wand of polymorph (9)
   (You found it on level 9 of the Dungeon)
Scrolls
 g - a scroll of enchant armour {unknown}
 h - 5 scrolls of identify {unknown}
 i - 2 scrolls of fear {unknown}
 k - 2 scrolls of noise {unknown}
 n - a scroll of amnesia {unknown}
 s - 2 scrolls of summoning
 v - a scroll of holy word {unknown}
 w - a scroll of magic mapping {unknown}
 y - a scroll of fog {unknown}
 B - a scroll of immolation {unknown}
 C - a scroll of blinking {unknown}
 E - a scroll of enchant weapon {unknown}
 I - 3 scrolls of teleportation {unknown}
 L - a scroll of torment {unknown}
 M - a scroll of acquirement {unknown}
Potions
 e - 7 potions of curing
 l - 2 potions of cancellation {unknown}
 m - a potion of mutation {unknown}
 o - a potion of degeneration {unknown}
 p - 2 potions of brilliance {unknown}
 q - 2 potions of flight {unknown}
 z - a potion of lignification {unknown}
 A - a potion of heal wounds {unknown}
 D - a potion of ambrosia {unknown}
 F - a potion of might {unknown}


   Skills:
 + Level 10.0 Fighting
 - Level 2.1 Dodging
 - Level 1.5 Stealth
 - Level 4.0 Shields
 * Level 12.0 Spellcasting


You had 4 spell levels left.
You knew the following spells:

 Your Spells              Type           Power      Damage    Failure   Level
a - Bolt of Magma         Conj/Fire/Erth 27%        4d13      1%          5
b - Conjure Flame         Conj/Fire      55%        6-21      1%          3
c - Inner Flame           Hex/Fire       55%        N/A       1%          3
d - Pain                  Necr           100%       1d9       1%          1
e - Static Discharge      Conj/Air       55%        N/A       1%          2
f - Teleport Other        Tloc           55%        N/A       1%          3
g - Vampiric Draining     Necr           27%        2d9       1%          3
h - Foxfire               Conj/Fire      100%       2x1d9     1%          1
q - Sticky Flame          Conj/Fire      55%        2d7       1%          4
z - Fireball              Conj/Fire      27%        3d12      1%          5
Your spell library was empty.

Dungeon Overview and Level Annotations

Branches:
Dungeon (10/15)            Temple (0/1) D:7            Lair (0/6) D:8
    Orc: D:9-12

Altars:
Fedhas
Kikubaaqudgha
Ru
Sif Muna
Vehumet
Zin
The Shining One

Shops:
D:6 (*!

Annotations:
D:5 2 transporters, Darold's ghost, amateur MfTm
D:6 3 runed translucent doors, WasteTime5's ghost, novice DjFE
D:9 2 transporters, PeterLawrence's ghost, novice MiFi
D:11 Josephine


Innate Abilities, Weirdness & Mutations

You are immune to poison.
Your flesh is very heat resistant. (rF++)
You are vulnerable to cold. (rC-)
You float through the air rather than walking.
You learn spells naturally, not from books.
Your magical power is your life essence.
You have superior vitality. (+4 HP)


Message History

The bolt of magma hits the meliai zombie!!
You destroy the meliai zombie!
Your Spellcasting skill increases to level 12!
A wraith comes into view.
Aim: a wraith (71% to hit)
The bolt of magma hits the wraith!!
Aim: a wraith (almost destroyed, 71% to hit)
The bolt of magma hits the wraith!
You destroy the wraith!
You hear a shout!
A wraith comes into view.
Your Fighting skill increases to level 10!
Josephine the Decaying Necromancer comes into view.
She is wielding a +6 dagger of flaming and wearing a +2 robe of willpower.
Aim: a wraith (71% to hit)
The bolt of magma misses the wraith.
An acid dragon comes into view.
Aim: a wraith (71% to hit)
The bolt of magma hits the wraith!!
The acid dragon roars!
The wraith misses you.
Aim: a wraith (severely damaged, 71% to hit)
The bolt of magma hits the wraith!!
You destroy the wraith!
The acid dragon spits acid at you. The splash of acid hits you!
The acid corrodes you!
You are splashed with acid!
* * * LOW HITPOINT WARNING * * *
You hear a bellow!
Aim: an acid dragon (catching its breath, 71% to hit)
The bolt of magma hits the acid dragon!
* * * LOW HITPOINT WARNING * * *
You hear a bellow!
You hear a howl!
You hear a shout!
You hear a roar!
You hear a bellow! x3; You hear an angry buzzing noise.
You hear a shout!
Aim: an acid dragon (moderately wounded, catching its breath, 71% to hit)
The bolt of magma hits the acid dragon!!!
You kill the acid dragon!
* * * LOW HITPOINT WARNING * * *
You hear a bellow!
Josephine casts a spell at you.
The ghostly flame explodes!
The ghostly fireball engulfs you!!
You feel drained.
* * * LOW HITPOINT WARNING * * *
It was a potion of curing.
You feel better.
A wraith comes into view.
Aim: Josephine, wielding a +6 dagger of flaming and wearing a +2 robe of willpower (71% to hit)
The bolt of magma hits Josephine!!
* * * LOW HITPOINT WARNING * * *
Josephine casts a spell at you.
The ghostly flame explodes!
The ghostly fireball engulfs you!!
You feel drained.
You die...

#.# #... #.#
... #.##.#
#.W..# ##..###
. ###..## ...
#....#
.....####@##.#
#....†@..##.#
#.....#####..
#...## ##.#
...# #. ## #.
#


You could see Josephine and a wraith.

Vanquished Creatures
  2 two-headed ogres (D:9)
  A manticore (D:6)
  A kobold demonologist (D:10)
  A freezing wraith (D:9)
  A meliai (D:9)
  2 hornets
  Grinder (D:3)
  A meliai zombie (D:11)
  Prince Ribbit (D:9)
  2 wraiths (D:11)
  A wyvern (D:9)
  12 yaks
  A steam dragon (D:7)
  2 wargs (D:8)
  3 water moccasins
  An acid dragon (D:11)
  2 ice beasts
  2 necrophages
  6 centaurs
  6 ogres
  2 kobold brigands
  3 gnoll sergeants
  6 bullfrogs
  2 scorpions
  A water moccasin zombie (D:6)
  A water moccasin skeleton (D:2)
  7 killer bees
  9 wights (D:9)
  2 howler monkeys
  2 centaur zombies (D:8)
  A centaur skeleton (D:7)
  A hound (D:5)
  2 orc priests (D:8)
  3 jellies
  A scorpion zombie (D:5)
  Terence (D:3)
  3 iguanas
  6 orc wizards
  A hound skeleton (D:4)
  3 howler monkey zombies
  10 adders
  8 gnolls
  2 white imps
  3 worms
  2 dart slugs (D:5)
  23 orcs
  6 endoplasms
  5 giant cockroaches
  14 goblins
  7 hobgoblins
  4 jackals (D:2)
  14 kobolds
  A quokka (D:5)
  7 ball pythons
  5 bats
  5 frilled lizards
  6 rats
228 creatures vanquished.

Vanquished Creatures (others)
  791 foxfires
  A plant (D:8)
  4 withered plants (D:10)
796 creatures vanquished.

Grand Total: 1024 creatures vanquished

Notes
Turn   | Place    | Note
-------+----------+-------------------------------------------
     0 | D:1      | vurker the Djinni Fire Elementalist began the quest for the
                  | Orb.
     0 | D:1      | Reached XP level 1. HP: 15/15 MP: 0/0
   281 | D:1      | Reached skill level 3 in Spellcasting
   281 | D:1      | Reached XP level 2. HP: 14/22 MP: 0/0
   503 | D:1      | Reached skill level 1 in Fighting
   588 | D:1      | You are sucked into a shaft and drop 1 floor!
   912 | D:1      | Reached XP level 3. HP: 18/27 MP: 0/0
   912 | D:1      | Learned a level 1 spell: Pain
  1859 | D:2      | Reached skill level 1 in Shields
  1859 | D:2      | Reached XP level 4. HP: 22/33 MP: 0/0
  2087 | D:2      | Reached XP level 5. HP: 28/38 MP: 0/0
  2087 | D:2      | Learned a level 2 spell: Static Discharge
  2172 | D:2      | Found a faded altar of an unknown god.
  2484 | D:2      | Reached skill level 4 in Spellcasting
  2696 | D:3      | Noticed a necrophage
  2705 | D:3      | Killed a necrophage
  2706 | D:3      | Reached XP level 6. HP: 31/45 MP: 0/0
  3168 | D:3      | Noticed Terence
  3181 | D:3      | Killed Terence
  3491 | D:3      | Noticed Grinder
  3503 | D:3      | Killed Grinder
  3504 | D:3      | Reached XP level 7. HP: 39/50 MP: 0/0
  3504 | D:3      | Learned a level 3 spell: Teleport Other
  3764 | D:4      | Reached skill level 5 in Spellcasting
  4589 | D:5      | Entered Level 5 of the Dungeon
  4614 | D:5      | Found a transporter.
  4659 | D:5      | Noticed Darold's ghost (amateur MfTm)
  4691 | D:5      | Reached skill level 6 in Spellcasting
  4691 | D:5      | Reached XP level 8. HP: 30/58 MP: 0/0
  4845 | D:5      | Found a transporter.
  5332 | D:5      | Reached skill level 5 in Fighting
  5699 | D:6      | Found Zisymp's Distillery.
  5703 | D:6      | Reached skill level 7 in Spellcasting
  5782 | D:6      | Found a runed translucent gate.
  5784 | D:6      | Found a runed translucent gate.
  5789 | D:6      | Noticed WasteTime5's ghost (novice DjFE)
  5988 | D:6      | Reached XP level 9. HP: 63/66 MP: 0/0
  5988 | D:6      | Learned a level 3 spell: Vampiric Draining
  6037 | D:6      | Reached skill level 8 in Spellcasting
  6414 | D:6      | Found a runed translucent gate.
  6420 | D:6      | Noticed a glowing orange brain
  6781 | D:6      | Noticed a manticore
  6792 | D:6      | Killed a manticore
  7099 | D:6      | Found Zecwuq's Serpentskin Sales.
  7104 | D:6      | Reached skill level 9 in Spellcasting
  7238 | D:6      | Found a blossoming altar of Fedhas.
  7317 | D:6      | Found Uguuxear's Antique Weapon Shop.
  7408 | D:6      | Noticed an angel
  7409 | D:6      | Found a glowing silver altar of Zin.
  7438 | D:6      | Noticed a cane toad
  7442 | D:6      | a cane toad changed into a raiju
  7514 | D:6      | Found a glowing golden altar of the Shining One.
  8286 | D:7      | Found a staircase to the Ecumenical Temple.
  8299 | D:7      | Reached XP level 10. HP: 64/75 MP: 0/0
  9690 | D:8      | Found a staircase to the Lair.
  9750 | D:8      | Reached skill level 10 in Spellcasting
 10478 | D:9      | Found a transporter.
 10483 | D:9      | Found a transporter.
 10483 | D:9      | Noticed PeterLawrence's ghost (novice MiFi)
 10505 | D:9      | Noticed a two-headed ogre
 10511 | D:9      | Killed a two-headed ogre
 10821 | D:9      | Reached skill level 11 in Spellcasting
 10824 | D:9      | Reached XP level 11. HP: 35/84 MP: 0/0
 10824 | D:9      | Learned a level 5 spell: Bolt of Magma
 11742 | D:9      | Found a sacrificial altar of Ru.
 11814 | D:9      | Noticed a two-headed ogre
 11818 | D:9      | Killed a two-headed ogre
 12160 | D:9      | Noticed Prince Ribbit
 12166 | D:9      | Killed Prince Ribbit
 12427 | D:10     | Entered Level 10 of the Dungeon
 12901 | D:10     | You are sucked into a shaft and drop 1 floor!
 12905 | D:11     | Reached skill level 12 in Spellcasting
 12974 | D:11     | Reached skill level 10 in Fighting
 12975 | D:11     | Noticed Josephine
 12988 | D:11     | HP: 2/81 [Josephine/ghostly fireball (26)]
 12990 | D:11     | Killed from afar by Josephine

Illustrated notes

Levels and vault maps discovered:
D:1:      amcnicky_arrival_blooded_trapdoor, layout_rooms
D:2:      layout_basic, hellmonk_ecumenical_altar_lost_god,
          wander_ebering_terrifying_dragon_lair
D:3:      layout_basic, chequers_serial_rivers_small_3, amethyst_killhole,
          uniq_grinder, uniq_terence
D:4:      layout_basic, vehumet_altar_wand_db, kennysheep_path_1
D:5:      layout_rooms, gammafunk_ghost_smash, minmay_misc_feat_pillars,
          minmay_manual_maat
D:6:      hangedman_cross_stitches, layout_loops_cross, tso_altar, zin_angel,
          lemuel_doored_altar, gammafunk_ghost_split, serial_shops,
          kennysheep_mini_moat, shop, guppyfry_shop_venom
D:7:      layout_loops_ring, minmay_temple_entry_butterflies,
          hangedman_decor_push
D:8:      layout_loops_ring, erik_lair_orcish_takeover
D:9:      layout_loops_corners, led_sif_pool, nicolae_ru_sacrificial_ziggurat,
          gammafunk_ghost_hive, small_statue_intersection,
          kennysheep_another_room, minmay_checkerbox, uniq_prince_ribbit1
D:10:     layout_roguey, lemuel_coloured_pillars_altar,
          kiku_gazebo_garden_becter, minivault_16, dk_noncrumbling_2
D:11:     kennysheep_ambush_hall, layout_rooms, hiddenorc2_lemuel, uniq_psyche,
          uniq_josephine

Skill      XL: |  1  2  3  4  5  6  7  8  9 10 11 |
---------------+----------------------------------+-----
Spellcasting   | 3 4 6 7 9 11 12 | 12.0
Fighting       | 1 2 3 4 5 7 9 10 | 10.0
Shields        | 1 2 3 4 |  4.0
Dodging        | |  2.1
Stealth        | |  1.5

Action                   |  1- 3 |  4- 6 |  7- 9 | 10-12 || total
-------------------------+-------+-------+-------+-------++-------
Melee: Whip              |    13 |     6 |    17 |     2 ||    38
 Cast: Foxfire           |    78 |   105 |   273 |    26 ||   482
       Sticky Flame      |       |       |    17 |    17 ||    34
       Fireball          |       |       |     1 |    70 ||    71
       Bolt of Magma     |       |       |       |    29 ||    29
  Use: Potion            |       |       |       |     1 ||     1
 Stab: Sleeping          |       |       |     1 |       ||     1
Armor: Robe              |     9 |     3 |     9 |    10 ||    31
Dodge: Dodged            |    24 |    10 |    32 |    24 ||    90
Block: Buckler           |     3 |     1 |    12 |     9 ||    25

Table legend: (Time is in decaauts)
 A = Elapsed time spent in this place.
 B = Non-inter-level travel time spent in this place.
 C = Inter-level travel time spent in this place.
 D = Time resting spent in this place.
 E = Time spent auto-exploring this place.
 F = Levels seen in this place.
 G = Mean time per level.
                   A        B        C        D        E       F      G
               +--------+--------+--------+--------+--------+-----+--------+
         Total |  12995 |  12699 |    296 |    684 |  10737 |  11 | 1181.4 |
       Dungeon |  12995 |  12699 |    296 |    684 |  10737 |  11 | 1181.4 |
               +--------+--------+--------+--------+--------+-----+--------+

Top non-repeatable levels by time:
     D:9: 1888 daAuts
     D:8: 1718 daAuts
     D:5: 1571 daAuts
     D:6: 1428 daAuts
     D:2: 1388 daAuts
     D:1: 1290 daAuts
     D:7: 1232 daAuts
     D:3: 1038 daAuts
     D:4: 876 daAuts
    D:10: 473 daAuts
    D:11: 88 daAuts
